 Dungeon Crawl Stone Soup version 0.31.0-1-g2c135a0 (webtiles) character file.

Game seed: 10399623836914344633

2676 brinewave the Cleaver (level 9, -4/82 HPs)
             Began as a Minotaur Fighter on Feb 1, 2024.
             Was a Follower of the Shining One.
             Succumbed to a hornet's poison
             ... on level 7 of the Dungeon.
             The game lasted 00:14:33 (4883 turns).

brinewave the Cleaver (Minotaur Fighter)            Turns: 4883, Time: 00:14:33

Health: -4/82      AC: 16    Str: 24    XL:     9   Next: 37%
Magic:  5/8        EV:  7    Int:  5    God:    the Shining One [*.....]
Gold:   218        SH: 12    Dex: 17    Spells: 8/8 levels left

rFire   . . .        a - +0 war axe
rCold   . . .        c - +0 buckler
rNeg    . . .        e - +0 plate armour
rPois   .            (helmet restricted)
rElec   .            y - +2 cloak
rCorr   +            (no gloves)
SInv    .            (no boots)
Will    .....        (no amulet) Stlth
                     i - +6 ring of dexterity
HPRegen 0.33/turn    o - ring of resist corrosion
MPRegen 0.11/turn

%: no passive effects
@: mighty, lethally poisoned (-4 -> -23), divinely shielded, slowed, glowing,
studying Fighting, very slow
A: horns 2, retaliatory headbutt
a: Renounce Religion, Divine Shield


You were on level 7 of the Dungeon.
You worshipped the Shining One.
The Shining One was aware of your devotion.
You visited 2 branches of the dungeon, and saw 8 of its levels.

You collected 218 gold pieces.

Inventory:

Hand Weapons
 a - a +0 war axe (weapon)
 r - a +3 spear of venom
 s - a +0 war axe
Missiles
 f - 62 stones
 g - 34 poisoned darts (quivered)
 p - 4 boomerangs
Armour
 c - a +0 buckler (worn)
 e - a +0 plate armour (worn)
 y - a +2 cloak (worn)
Jewellery
 i - a +6 ring of dexterity (left hand)
 o - a ring of resist corrosion (right hand)
 B - the ring of Siokuug {*Corrode Fly Dex+6 Slay+6}
   (You found it on level 7 of the Dungeon)

   [ring of dexterity]

   Dex+6:     It affects your dexterity (+6).
   Slay+6:    It affects your accuracy & damage with ranged weapons and melee
   (+6).
   Fly:       It grants you flight.
   *Corrode:  It may corrode you when you take damage.
Wands
 z - a wand of paralysis (6)
Scrolls
 h - a scroll of revelation
 k - a scroll of summoning {unknown}
 q - a scroll of enchant armour
 t - a scroll of amnesia {unknown}
 v - a scroll of fear {unknown}
 w - a scroll of fog {unknown}
 x - a scroll of vulnerability {unknown}
 A - a scroll of silence {unknown}
Potions
 b - 6 potions of curing
 d - a potion of might
 j - a potion of ambrosia
 l - 2 potions of haste {unknown}
 m - 3 potions of mutation
 n - a potion of heal wounds {unknown}
 u - a potion of degeneration {unknown}


   Skills:
 + Level 8.3 Fighting
 * Level 10.0 Axes
 + Level 7.8 Armour
 + Level 7.7 Shields


You had 8 spell levels left.
You didn't know any spells.
Your spell library contained the following spells:

 Spells                   Type           Power      Damage    Failure   Level
 Lesser Beckoning         Tloc           0%         N/A       100%        2
 Static Discharge         Conj/Air       0%         3-3/arc   100%        2
 Call Canine Familiar     Summ           0%         N/A       100%        3
 Dazzling Flash           Conj/Hex       0%         N/A       100%        3
 Fugue of the Fallen      Necr           0%         N/A       100%        3
 Gell's Gravitas          Tloc           0%         N/A       100%        3
 Mephitic Cloud           Conj/Alch/Air  0%         N/A       100%        3
 Ozocubu's Armour         Ice            0%         N/A       100%        3
 Sigil of Binding         Hex            0%         N/A       100%        3
 Teleport Other           Tloc           0%         N/A       100%        3
 Airstrike                Air            0%         2d(0-16)  100%        4
 Dimensional Bullseye     Hex/Tloc       0%         N/A       100%        4
 Manifold Assault         Tloc           0%         N/A       100%        4
 Summon Lightning Spire   Summ/Air       0%         N/A       100%        4
 Curse of Agony           Necr           0%         N/A       100%        5
 Silence                  Hex/Air        0%         N/A       100%        5


Dungeon Overview and Level Annotations

Branches:
Dungeon (7/15)             Temple (1/1) D:4

Altars:
Ashenzari
Cheibriados
Dithmenos
Fedhas
Kikubaaqudgha
Nemelex Xobeh
Qazlal
Ru
Sif Muna
Trog
Uskayaw
Vehumet
Xom
Yredelemnul
Zin
The Shining One


Innate Abilities, Weirdness & Mutations

You have a pair of horns on your head.
You reflexively headbutt those who attack you in melee.


Message History

The hornet stings you.
You feel yourself slow down. The hornet stings you!
You suddenly lose the ability to move!
You can move again.
You hit the hornet.
The hornet is lightly wounded.
You feel yourself speed up. The hornet stings you.
You feel yourself slow down. The hornet stings you.
You are poisoned.
You shrug off the repeated paralysis!
You hit the hornet but do no damage.
You feel yourself speed up.
You feel very sick. The hornet stings you!
You feel yourself slow down. You block the hornet's attack.
You feel very mighty all of a sudden.
You feel very sick. You block the hornet's attack.
The centaur unwields a +0 orcbow.
The centaur hits you but does no damage.
The centaur completely misses you. You block the hornet's attack.
The hornet stings you.
* * * LOW HITPOINT WARNING * * *
You are more poisoned.
You feel as though you will be slow longer.
The centaur hits you.
* * * LOW HITPOINT WARNING * * *
The centaur kicks you but does no damage.
You slice the hornet!!
The hornet is heavily wounded.
You slash the centaur!
You feel very sick. You block the hornet's attack.
The centaur hits you but does no damage.
You block the centaur's attack. The hornet stings you!
* * * LOW HITPOINT WARNING * * *
You are more poisoned.
You feel as though you will be slow longer.
The centaur barely misses you.
The centaur kicks you but does no damage.
Your shield is strengthened by the Shining One's divine power.
You die...

.## #...# #...........
..####..### #...........
....#.....## #...........
#..........### #.....?.....
##...........###...........
##..####.....#............
#..# ###.......####.....
#.## ##...cy## .... ..#
##...@# ... ...# #....# ..
....# #.....# . .##..
#......... #.........
........... #....####...
....## ... ......


You could see a hornet and a centaur.

Vanquished Creatures
  Pikel (D:4)
  A troll (D:6)
  A water moccasin (D:5)
  An ice beast (D:4)
  4 black bears
  2 ogres (D:5)
  2 centaurs
  2 phantoms (D:6)
  A kobold brigand (D:6)
  A bullfrog (D:6)
  2 scorpions (D:6)
  6 killer bees
  A bombardier beetle (D:4)
  A jelly (D:6)
  An orc priest (D:4)
  Jessica (D:3)
  2 orc wizards (D:6)
  An iguana (D:5)
  3 sleepcaps
  Robin (D:4)
  6 gnolls (D:5)
  3 adders
  4 ufetubi (D:5)
  A dart slug (D:3)
  A ribbon worm (D:3)
  13 orcs
  6 ball pythons
  6 endoplasms
  3 giant cockroaches
  11 goblins
  10 hobgoblins
  6 quokkas
  3 bats
  3 frilled lizards (D:2)
  13 kobolds
  7 rats
131 creatures vanquished.

Notes
Turn   | Place    | Note
-------+----------+-------------------------------------------
     0 | D:1      | brinewave the Minotaur Fighter began the quest for the Orb.
     0 | D:1      | Reached XP level 1. HP: 19/19 MP: 0/0
   238 | D:1      | Reached XP level 2. HP: 27/27 MP: 1/1
   298 | D:1      | Reached skill level 3 in Axes
   335 | D:1      | Found a faded altar of an unknown god.
   939 | D:2      | Reached XP level 3. HP: 33/33 MP: 2/2
  1634 | D:3      | Noticed Jessica
  1639 | D:3      | Killed Jessica
  1640 | D:3      | Reached XP level 4. HP: 36/40 MP: 3/3
  1883 | D:3      | Reached skill level 4 in Axes
  2071 | D:4      | Noticed a lemure
  2071 | D:4      | Noticed a lemure
  2071 | D:4      | Noticed a lemure
  2072 | D:4      | Noticed Pikel
  2083 | D:4      | Noticed a lemure
  2088 | D:4      | Killed Pikel
  2089 | D:4      | Reached skill level 5 in Fighting
  2089 | D:4      | Reached skill level 6 in Axes
  2089 | D:4      | Reached skill level 5 in Armour
  2089 | D:4      | Reached skill level 5 in Shields
  2089 | D:4      | Reached XP level 5. HP: 13/48 MP: 4/4
  2089 | D:4      | Reached XP level 6. HP: 15/56 MP: 5/5
  2089 | D:4      | Reached XP level 7. HP: 17/61 MP: 6/6
  2287 | D:4      | Found a staircase to the Ecumenical Temple.
  2287 | D:4      | Noticed Robin
  2300 | D:4      | Killed Robin
  2372 | Temple   | Entered the Ecumenical Temple
  2386 | Temple   | Became a worshipper of the Shining One
  2536 | D:4      | Found a broken altar of Ashenzari.
  3307 | D:5      | Entered Level 5 of the Dungeon
  3313 | D:5      | Reached skill level 7 in Axes
  3509 | D:5      | Reached XP level 8. HP: 67/70 MP: 7/7
  3698 | D:5      | Reached skill level 8 in Axes
  3900 | D:5      | Reached * piety under the Shining One
  3985 | D:6      | Noticed a troll
  3997 | D:6      | Killed a troll
  4211 | D:6      | Reached skill level 9 in Axes
  4240 | D:6      | Reached XP level 9. HP: 51/79 MP: 8/8
  4328 | D:6      | Found a bloodstained altar of Trog.
  4807 | D:6      | Reached skill level 10 in Axes
  4857 | D:7      | Identified the ring of Siokuug {*Corrode Fly Dex+6 Slay+6}
  4878 | D:7      | Paralysed by a hornet for 1 turns
  4882 | D:7      | HP: 2/82 [hornet (12)]
  4883 | D:7      | Succumbed to a hornet's poison

Illustrated notes

Levels and vault maps discovered:
D:1:      sevenhm_arrival_forest_fort_small_4, layout_basic,
          shapermc_ecumenical_altar_totnotflames, minmay_statues_item
D:2:      layout_basic, chequers_serial_rivers_micro_e
D:3:      layout_basic, uniq_jessica
D:4:      layout_basic, mainiacjoe_overflow_24_doors,
          minmay_temple_entry_glassed_door, uniq_pikel, uniq_robin
D:5:      layout_loops_cross, minmay_misc_feat_hallway
D:6:      layout_basic, lemuel_tele_altar, fountainhead,
          minmay_manual_monstrance
D:7:      layout_layer_cave, minmay_fractal_squares_gapless_5
Temple:   nicolae_temple_bog_church

Skill      XL: |  1  2  3  4  5  6  7  8  9 |
---------------+----------------------------+-----
Axes           | 3 6 7 9 10 | 10.0
Shields        | 4 5 6 7 |  7.7
Armour         | 4 5 6 7 |  7.8
Fighting       | 4 5 6 7 8 |  8.3

Action                     |  1- 3 |  4- 6 |  7- 9 || total
---------------------------+-------+-------+-------++-------
  Melee: War axe           |    83 |    17 |   202 ||   302
         Headbutt          |    10 |     4 |    52 ||    66
  Throw: Dart              |       |       |     2 ||     2
 Invoke: Divine Shield     |       |       |     1 ||     1
    Use: Scroll            |       |     3 |     4 ||     7
         Potion            |       |     1 |     1 ||     2
 Armour: Scale mail        |    17 |       |       ||    17
         Chain mail        |    19 |     8 |    31 ||    58
         Plate armour      |       |       |   175 ||   175
  Dodge: Dodged            |    31 |     9 |    75 ||   115
  Block: Buckler           |    13 |     2 |    65 ||    80
